 Dungeon Crawl Stone Soup version 0.31.0-12-g77e489cdc1 (webtiles) character file.

Game seed: 7592836579578796696

336 lonewolfV2 the Covered (level 6, 0/52 HPs)
             Began as a Formicid Fighter on Feb 13, 2024.
             Slain by a gnoll
             ... wielding a +0 spear
              (2 damage)
             ... on level 4 of the Dungeon.
             The game lasted 00:05:21 (3704 turns).

lonewolfV2 the Covered (Formicid Fighter)           Turns: 3704, Time: 00:05:21

Health: 0/52       AC: 12    Str: 20    XL:     6   Next: 84%
Magic:  6/6        EV:  6    Int:  8    God:
Gold:   245        SH:  5    Dex: 15    Spells: 5/5 levels left

rFire   . . .        f - +0 battleaxe
rCold   . . .        c - +0 buckler
rNeg    . . .        d - +0 plate armour
rPois   .            (helmet unavailable)
rElec   .            k - scarf {repulsion}
rCorr   .            (no gloves)
SInv    +            (no boots)
Will    .....        (no amulet) Stlth
                     (no ring)
HPRegen 0.28/turn    (no ring)
MPRegen 0.10/turn

%: repel missiles
@: no status effects
A: permanent stasis, dig shafts and tunnels, antennae 3, four strong arms
a: Dig, Shaft Self


You were on level 4 of the Dungeon.
You visited 1 branch of the dungeon, and saw 4 of its levels.

You collected 245 gold pieces.

Inventory:

Hand Weapons
 f - a +0 battleaxe (weapon)
Armour
 c - a +0 buckler (worn)
 d - a +0 plate armour (worn)
 k - a scarf of repulsion (worn)
Scrolls
 b - a scroll of fog {unknown}
 g - a scroll of revelation
 i - a scroll of fear
Potions
 a - a potion of berserk rage {unknown}
 e - 2 potions of ambrosia
 h - 2 potions of attraction
 j - a potion of cancellation {unknown}
 l - a potion of enlightenment {unknown}


   Skills:
 + Level 6.0 Fighting
 - Level 2.0 Axes
 + Level 6.0 Armour
 - Level 4.0 Shields


You had 5 spell levels left.
You didn't know any spells.
Your spell library was empty.

Dungeon Overview and Level Annotations

Branches:
Dungeon (4/15)
 Temple: D:4-7

Altars:
Xom

Annotations:
D:4 Duvessa


Innate Abilities, Weirdness & Mutations

You cannot be hasted, slowed, berserked, paralysed or teleported.
You can dig through walls and to a lower floor.
You have a pair of large antennae on your head. (SInv)
Your four strong arms can wield two-handed weapons with a shield.


Message History

The gnoll hits you from afar with a +0 halberd.
The gnoll hits you but does no damage.
You hit the gnoll.
The gnoll is heavily wounded.
The gnoll hits you with a +0 flail. The gnoll hits you but does no damage.
You hit the gnoll but do no damage.
The gnoll is heavily wounded.
You block the gnoll's attack. The gnoll hits you with a +0 flail.
You block the gnoll's attack. The gnoll hits you but does no damage.
You slash the gnoll!
You kill the gnoll!
You block the gnoll's attack. The gnoll closely misses you.
You see here a +0 flail.
You hit the gnoll.
The gnoll is almost dead.
The gnoll hits you with a +0 halberd. You block the gnoll's attack.
You closely miss the gnoll.
The gnoll is almost dead.
The gnoll hits you with a +0 halberd!
* * * LOW HITPOINT WARNING * * *
The gnoll closely misses you.
You slash the gnoll!
You kill the gnoll!
Your Fighting skill increases to level 6!
Your Armour skill increases to level 6!
You slash the gnoll!
The gnoll is almost dead.
The gnoll hits you with a +0 flail.
* * * LOW HITPOINT WARNING * * *
The gnoll hits you but does no damage. You block the gnoll's attack.
You barely miss the gnoll.
The gnoll is almost dead.
The gnoll hits you from afar with a +0 spear.
* * * LOW HITPOINT WARNING * * *
The gnoll hits you with a +0 flail!
* * * LOW HITPOINT WARNING * * *
The gnoll closely misses you.
The gnoll hits you from afar with a +0 spear.
You die...

# ##.........#
...##
#.#(......##.# ...#
#.........##.# ...#
###......##.# ..#
##.######.# ,..#
#.# #.# #g#
##.######.# #g#
##.......... ###@#
##.....#####.
##.#.# ##.....<.# .
##....###.........#
#.................+
##..?.###.........#
#.....# #........##
#..#### #.#.....##
#.. #.##...## #..
..# #+##


You could see 2 gnolls.

Vanquished Creatures
  Dowan (D:4)
  2 orc priests
  2 orc wizards (D:3)
  Robin (D:2)
  2 gnolls (D:4)
  4 adders (D:2)
  6 dart slugs
  A ribbon worm (D:2)
  9 orcs
  8 endoplasms
  4 giant cockroaches
  10 hobgoblins
  3 kobolds
  5 ball pythons
  4 bats
  2 frilled lizards
  15 goblins
  8 rats
87 creatures vanquished.

Notes
Turn   | Place    | Note
-------+----------+-------------------------------------------
     0 | D:1      | lonewolfV2 the Formicid Fighter began the quest for the
                  | Orb.
     0 | D:1      | Reached XP level 1. HP: 18/18 MP: 1/1
   148 | D:1      | Reached XP level 2. HP: 24/24 MP: 2/2
   403 | D:1      | Reached XP level 3. HP: 25/30 MP: 3/3
   872 | D:2      | Noticed Robin
   894 | D:2      | Killed Robin
   895 | D:2      | Reached XP level 4. HP: 25/38 MP: 4/4
  1276 | D:2      | Reached XP level 5. HP: 43/43 MP: 5/5
  1724 | D:3      | Found a shimmering altar of Xom.
  1816 | D:3      | Reached skill level 5 in Fighting
  1917 | D:3      | Reached skill level 5 in Armour
  1934 | D:3      | Reached XP level 6. HP: 14/51 MP: 6/6
  2911 | D:4      | Identified the +9 long sword "Estel" {pain, Int+3}
  3419 | D:4      | Noticed Dowan
  3433 | D:4      | Killed Dowan
  3503 | D:4      | Noticed Duvessa
  3535 | D:4      | Identified the +1 ring mail of the Lair of Beasts {Str+3
                  | Stlth+}
  3704 | D:4      | HP: 2/52 [gnoll/+0 flail (9)]
  3704 | D:4      | Slain by a gnoll

Illustrated notes

Levels and vault maps discovered:
D:1:      dpeg_arrival_ratfight, layout_basic
D:2:      minmay_diamond_boxcup, layout_loops_ring, uniq_robin
D:3:      layout_loops_cross, amcnicky_altar_gilded, hangedman_decor_growths
D:4:      layout_loops_corners, serial_bayou_pond_e, minmay_misc_feat_roman,
          chequers_mini_garden, uniq_duvessa

Skill      XL: |  1  2  3  4  5  6 |
---------------+-------------------+-----
Fighting       | 4 5 6 |  6.0
Armour         | 4 5 6 |  6.0
Axes           | |  2.0
Shields        | |  4.0

Action                     |  1- 3 |  4- 6 || total
---------------------------+-------+-------++-------
  Melee: War axe           |     5 |       ||     5
         Battleaxe         |    66 |   146 ||   212
Ability: Dig               |       |     1 ||     1
    Use: Scroll            |     1 |     6 ||     7
         Potion            |       |     1 ||     1
 Armour: Scale mail        |    62 |   109 ||   171
         Plate armour      |       |    18 ||    18
  Dodge: Dodged            |    44 |    76 ||   120
  Block: Buckler           |    30 |    54 ||    84
